AoeStats
← Tine

Arabia

510177622Analyzed
1v1 RM · 3d ago on Sep 29, 2026· 41m 28s· 2 players
Game mode
Random Map
Map size
Tiny (2 player)
Population
200
Speed
Normal
Resources
Standard
Victory
Conquest
Starting age
Dark Age
Ending age
Imperial Age
RankedLock teamsTeams togetherTeam positionsShared explorationLock speedFull tech treeHidden civsTurbo modeCheats
Victory
Defeat
🇦🇷 Gurjaras · Argentina
799
+26
🇳🇱 Inca · Netherlands
795
-16
Tine
7:32 Loom
10:12 Feudal Age
13:38 Wheelbarrow
12:46 Champi Runner
14:23 Horse Collar
14:32 Double-Bit Axe
15:16 Gold Mining
16:25 Arson
17:53 Scale Mail Armor
18:04 Forging
23:39 Castle Age
24:57 Iron Casting
24:27 Heavy Plow
24:42 Bow Saw
25:21 Hand Cart
29:07 Gold Shaft Mining
29:15 Champi Warrior
29:57 Squires
30:52 Chain Mail Armor
30:50 Stone Mining
33:21 Stone Shaft Mining
34:38 Padded Archer Armor
34:28 Fletching
37:39 Imperial Age
35:34 Masonry
35:09 Treadmill Crane
37:58 Devotion
40:25 Blast Furnace
39:56 Plate Mail Armor
40:39 Elite Skirmisher
KYLIAN DICTADOR
5:26 Loom
10:26 Feudal Age
15:44 Castle Age
15:26 Stone Mining
24:08 Double-Bit Axe
24:46 Town Watch
26:39 Wheelbarrow
29:05 Gold Mining
29:08 Fletching
31:44 Padded Archer Armor
31:40 Bodkin Arrow
36:47 Imperial Age
34:35 Hand Cart
36:26 Scale Barding Armor
36:37 Leather Archer Armor
36:32 Forging
37:12 Heavy Camel Rider
38:46 Elite Chakram Thrower
40:25 Bow Saw
Connection lost

Rejoining the realm…

Still unreachable

The connection could not be restored.

Session expired

The server has moved on; the page needs a fresh start.